 Dungeon Crawl Stone Soup version 0.16-a0-2611-g6d04fdd (webtiles) character file.

8432 Hedron the Bludgeoner (level 11, -6/109 HPs)
             Began as an Ogre Berserker on Nov 22, 2014.
             Was the Champion of Trog.
             Mangled by an unseen horror (8 damage)
             ... on level 10 of the Dungeon.
             The game lasted 00:42:32 (14228 turns).

Hedron the Bludgeoner (Ogre Berserker)             Turns: 14228, Time: 00:42:33

Health: -6/109     AC:  8    Str: 27    XL:     11   Next: 30%
Magic:  11/11      EV: 12    Int:  6    God:    Trog [******]
Gold:   287        SH:  0    Dex:  9    Spells: 0 memorised, 10 levels left

rFire  + . .     SeeInvis .     r - +9 giant spiked club
rCold  . . .     Clarity  +     b - +2 robe {rF+}
rNeg   . . .     SustAb   .     (shield restricted)
rPois  .         Gourm    .     (helmet restricted)
rElec  .         Spirit   .     (no cloak)
rCorr  .         Warding  .     (gloves unavailable)
rMut   .         Stasis   .     (boots unavailable)
MR     ++...                    n - amulet of clarity
Stlth  +.........               a - ring of protection from magic
                                e - +3 ring of protection (curse)

@: very slightly contaminated, hasted, very quick, very resistant to hostile
enchantments, very unstealthy
A: unfitting armour, tough skin 1
a: Burn Spellbooks, Berserk, Trog's Hand, Brothers in Arms, Renounce Religion


You were on level 10 of the Dungeon.
You worshipped Trog.
Trog was exalted by your worship.
You were hungry.

You visited 1 branch of the dungeon, and saw 10 of its levels.

You collected 426 gold pieces.
You spent 139 gold pieces at shops.

Inventory:

Hand weapons
 r - a +9 giant spiked club (weapon)
Armour
 b - a +2 robe of fire resistance (worn)
Jewellery
 a - a ring of protection from magic (right hand)
 e - a cursed +3 ring of protection (left hand)
 n - an amulet of clarity (around neck)
Magical devices
 p - a wand of confusion (45)
 s - a wand of paralysis (4)
 w - a wand of teleportation (4)
Scrolls
 h - 5 scrolls of remove curse
 i - 2 scrolls of teleportation
 q - 2 scrolls of fog
 t - a scroll of fear
 u - 2 scrolls of identify
 x - a scroll of enchant armour
Potions
 d - 4 potions of agility
 g - 2 potions of resistance
 j - a potion of curing
 k - a potion of haste
 l - 2 potions of flight
 m - a potion of invisibility
 o - a potion of cancellation
 v - a potion of restore abilities
Comestibles
 c - 2 meat rations
 f - 7 bread rations


   Skills:
 + Level 7.3 Fighting
 * Level 17.5 Maces & Flails
 - Level 1.5 Armour
 + Level 7.9 Dodging


You had 10 spell levels left.
You didn't know any spells.

Dungeon Overview and Level Annotations

Branches:
Dungeon (10/15)            Temple (0/1) D:4             Orc (0/4) D:9
   Lair: D:8-11

Altars:
Cheibriados
Dithmenos
Fedhas
Makhleb
Nemelex Xobeh
Okawaru
Qazlal
Ru
Sif Muna
Trog
Vehumet
Zin
The Shining One

Shops:
D:6 (   D:7 *!

Annotations:
D:10 exclusion: oklob plant


Innate Abilities, Weirdness & Mutations

You are too large for most types of armour.
You have tough skin (AC +1).


Message History

Something hits you.
* * * LOW HITPOINT WARNING * * *
Something hits you.
* * * LOW HITPOINT WARNING * * *
Something hits you!
* * * LOW HITPOINT WARNING * * *
Something hits you.
* * * LOW HITPOINT WARNING * * *
Something hits you.
* * * LOW HITPOINT WARNING * * *
Something hits you.
* * * LOW HITPOINT WARNING * * *
Something hits you but does no damage. Something hits you.
* * * LOW HITPOINT WARNING * * *
Drink which item? (? for menu, Esc to quit)
You feel better. Something hits you!
* * * LOW HITPOINT WARNING * * *
Something hits you!
You die...

# # ####. # ###...### #
###..#....##
####.....#.#..###
......#..#..##..## ###
....####....###.@####.#
##. ...##
#..#.#####.....# ####..
..## #..#..#
##....####....# ...#
##....## #............#
##.# #..#..##
##..#...##...# ##.##
#......###..###..##..>#
##..## ##.....##..##
##..##..# #
###..#####........##
##.##..##.
........##.......##
#..#..#..


There were no monsters in sight!

Vanquished Creatures
  A hill giant (D:10)
  The ghost of WereVolvo the Destroyer, an experienced DECj of Vehumet (D:8)
  Joseph (D:7)
  2 trolls
  A two-headed ogre (D:10)
  6 yaks (D:9)
  Eustachio (D:7)
  A hippogriff (D:7)
  Menkaure (D:7)
  A water moccasin (D:6)
  2 sky beasts
  3 ice beasts
  5 ogres
  3 black bears (D:6)
  The ghost of Hedron the Archer, an average CeHu (D:4)
  3 phantoms
  7 orc warriors
  3 centaurs
  Sigmund (D:7)
  Duvessa (D:4)
  2 big kobolds
  5 giant frogs
  2 scorpions
  5 jellies
  5 killer bees (D:8)
  6 crimson imps
  Dowan (D:4)
  3 goliath beetles (D:6)
  3 giant frog zombies
  7 hounds
  A giant frog skeleton (D:8)
  9 orc priests
  A centaur skeleton (D:4)
  A gnoll shaman (D:8)
  12 orc wizards
  Natasha (D:3)
  2 worker ants
  Jessica (D:3)
  Terence (D:3)
  A mummy (D:7)
  A hound skeleton (D:10)
  A worker ant zombie (D:6)
  8 adders
  3 gnolls (D:8)
  A giant mite (D:5)
  A shadow imp (D:9)
  3 worms (D:2)
  An adder zombie (D:8)
  A giant gecko (D:1)
  2 oozes
  36 orcs
  16 bats
  A bat zombie (D:5)
  13 goblins
  20 hobgoblins
  18 jackals
  4 quokkas
  A ball python (D:3)
  5 giant cockroaches
  A giant gecko skeleton (D:4)
  A giant gecko zombie (D:5)
  7 giant newts
  A giant spore (D:8)
  A jackal skeleton (D:7)
  47 kobolds
  2 quokka skeletons
  23 rats
  2 ballistomycetes (D:8)
  7 plants (D:8)
342 creatures vanquished.

Vanquished Creatures (others)
  An ogre (D:8)
  Natasha (D:3)
  A giant spore (D:10)
3 creatures vanquished.

Grand Total: 345 creatures vanquished

Notes
Turn   | Place    | Note
--------------------------------------------------------------
     0 | D:1      | Hedron, the Ogre Berserker, began the quest for the Orb.
     0 | D:1      | Reached XP level 1. HP: 24/24 MP: 1/1
   208 | D:1      | Reached XP level 2. HP: 28/32 MP: 2/2
   383 | D:1      | Reached skill level 5 in Maces & Flails
   486 | D:1      | Acquired Trog's second power
   570 | D:1      | Reached XP level 3. HP: 39/39 MP: 3/3
  1359 | D:2      | Reached skill level 6 in Maces & Flails
  1514 | D:2      | Reached XP level 4. HP: 24/48 MP: 4/4
  2105 | D:2      | Reached skill level 7 in Maces & Flails
  2226 | D:2      | Found a glowing silver altar of Zin.
  2259 | D:2      | Found a glowing golden altar of the Shining One.
  2262 | D:2      | Found a sparkling altar of Nemelex Xobeh.
  2529 | D:3      | Reached XP level 5. HP: 54/54 MP: 5/5
  2541 | D:3      | Noticed Terence
  2559 | D:3      | Killed Terence
  3121 | D:3      | Noticed Natasha
  3140 | D:3      | Killed Natasha
  3140 | D:3      | Acquired Trog's third power
  3140 | D:3      | Reached skill level 8 in Maces & Flails
  3409 | D:4      | Noticed Hedron's ghost (average CeHu)
  3436 | D:3      | Noticed Jessica
  3448 | D:3      | Killed Jessica
  3455 | D:3      | Noticed Natasha
  3459 | D:3      | Killed Natasha
  3551 | D:4      | Killed Hedron's ghost
  3551 | D:4      | Reached skill level 9 in Maces & Flails
  3551 | D:4      | Reached XP level 6. HP: 62/62 MP: 6/6
  3622 | D:4      | Found a staircase to the Ecumenical Temple.
  3823 | D:4      | Noticed Duvessa
  3824 | D:4      | Noticed Dowan
  3830 | D:4      | Killed Duvessa
  3830 | D:4      | Reached skill level 10 in Maces & Flails
  3830 | D:4      | Reached XP level 7. HP: 60/70 MP: 7/7
  3833 | D:4      | Killed Dowan
  4100 | D:4      | Noticed an ogre
  4107 | D:4      | Killed an ogre
  4107 | D:4      | Reached skill level 11 in Maces & Flails
  4438 | D:5      | Entered Level 5 of the Dungeon
  4531 | D:5      | Found a snail-covered altar of Cheibriados.
  4695 | D:5      | Found a blossoming altar of Fedhas.
  4928 | D:5      | Reached XP level 8. HP: 73/78 MP: 8/8
  5224 | D:5      | Found a stormy altar of Qazlal.
  5351 | D:5      | Reached skill level 12 in Maces & Flails
  6491 | D:6      | Found a bloodstained altar of Trog.
  6563 | D:6      | Reached skill level 13 in Maces & Flails
  6760 | D:6      | Reached XP level 9. HP: 80/84 MP: 9/9
  6933 | D:6      | Found Pneut's Antique Weapon Boutique.
  6941 | D:6      | Bought a glowing giant spiked club for 57 gold pieces
  7258 | D:6      | Found a radiant altar of Vehumet.
  7726 | D:6      | Found a bloodstained altar of Trog.
  7873 | D:6      | Found a shadowy altar of Dithmenos.
  7935 | D:6      | Reached skill level 14 in Maces & Flails
  7935 | D:6      | Reached skill level 5 in Dodging
  8515 | D:7      | Found a sacrificial altar of Ru.
  8546 | D:7      | Noticed Menkaure
  8555 | D:7      | Killed Menkaure
  9421 | D:7      | Received a gift from Trog
  9430 | D:7      | Found Ariog's Distillery.
  9455 | D:7      | Noticed Eustachio
  9459 | D:7      | Killed Eustachio
  9509 | D:7      | Reached skill level 15 in Maces & Flails
  9523 | D:7      | Noticed Joseph
  9531 | D:7      | Killed Joseph
  9531 | D:7      | Reached XP level 10. HP: 92/92 MP: 10/10
  9652 | D:7      | Found Doarocha's General Store.
  9655 | D:7      | Bought a scroll of enchant weapon for 82 gold pieces
  9682 | D:7      | Found a burning altar of Makhleb.
  9702 | D:7      | Noticed Sigmund
  9707 | D:7      | Killed Sigmund
 10369 | D:8      | Reached skill level 16 in Maces & Flails
 10513 | D:8      | Noticed WereVolvo's ghost (experienced DECj)
 10522 | D:8      | Killed WereVolvo's ghost
 10674 | D:8      | Reached skill level 5 in Fighting
 10775 | D:8      | Found an iron altar of Okawaru.
 10872 | D:8      | Received a gift from Trog
 10878 | D:8      | Got a bone dire flail {god gift}
 10879 | D:8      | Identified the +10 dire flail of Sunlight {freeze, *Rage rN+ Dex+4 SInv} (Trog gifted it to you on level 8 of the Dungeon)
 12144 | D:9      | Reached skill level 17 in Maces & Flails
 12144 | D:9      | Reached XP level 11. HP: 87/107 MP: 11/11
 12756 | D:9      | Found a deep blue altar of Sif Muna.
 12792 | D:9      | Found a staircase to the Orcish Mines.
 12929 | D:9      | Received a gift from Trog
 13083 | D:10     | Entered Level 10 of the Dungeon
 13170 | D:10     | Noticed a hill giant
 13180 | D:10     | Killed a hill giant
 14041 | D:10     | Found a blossoming altar of Fedhas.
 14225 | D:10     | HP: 5/109 [something (1)]
 14228 | D:10     | HP: 2/109 [something (8)]
 14228 | D:10     | Mangled by an unseen horror

Action                   |  1- 3 |  4- 6 |  7- 9 | 10-12 || total
-------------------------+-------+-------+-------+-------++-------
Melee: Mace              |   125 |   179 |       |       ||   304
       Giant club        |       |    10 |    23 |       ||    33
       Giant spiked club |       |       |   231 |   296 ||   527
       Unarmed           |       |       |    19 |       ||    19
Invok: Berserk           |       |     1 |     3 |     2 ||     6
       Burn Spellbooks   |       |       |     1 |     1 ||     2
Evoke: Wand              |       |       |       |     2 ||     2
  Use: Scroll            |     3 |    11 |     7 |     8 ||    29
       Potion            |       |       |     1 |     3 ||     4
 Stab: Paralysed         |       |       |       |     3 ||     3
  Eat: Chunk             |     2 |     7 |    17 |     6 ||    32
       Beef jerky        |       |     1 |       |       ||     1
       Meat ration       |       |       |     1 |     2 ||     3
